 Dungeon Crawl Stone Soup version 0.28-a0-1594-ga885d4b3d6 (webtiles) character file.

Game seed: 1561033794794429749

21 fragbeetle the Chiller (level 2, -1/21 HPs)
             Began as a Merfolk Ice Elementalist on Jan 21, 2022.
             Slain by a worm (9 damage)
             ... on level 2 of the Dungeon.
             The game lasted 00:02:04 (1078 turns).

fragbeetle the Chiller (Merfolk Ice Elementalist)   Turns: 1078, Time: 00:02:05

Health: -1/21      AC:  3    Str:  8    XL:     2   Next: 83%
Magic:  1/5        EV: 13    Int: 14    God:
Gold:   33         SH:  0    Dex: 14    Spells: 4/5 levels left

rFire   . . .      SeeInvis .   e - +0 spear
rCold   . . .      Faith    .   (no shield)
rNeg    . . .      Spirit   .   a - +0 robe
rPois   .          Reflect  .   (no helmet)
rElec   .          Harm     .   g - +0 cloak
rCorr   .          Rampage  .   (no gloves)
Will    .....                   (no boots)
Stlth   ++........              (no amulet)
HPRegen 0.07/turn               (no ring)
MPRegen 0.09/turn               (no ring)

@: no status effects
A: (nimble swimmer 2), mertail
a: no special abilities


You were on level 2 of the Dungeon.
You visited 1 branch of the dungeon, and saw 2 of its levels.

You collected 33 gold pieces.

Inventory:

Hand Weapons
 d - a +0 short sword
 e - a +0 spear (weapon)
Missiles
 f - 4 boomerangs
Armour
 a - a +0 robe (worn)
 g - a +0 cloak (worn)
Scrolls
 h - a scroll of amnesia {unknown}
Potions
 b - 2 potions of curing {unknown}
 c - a potion of lignification {unknown}


   Skills:
 + Level 1.0 Fighting
 * Level 1.1 Polearms
 - Level 3.0 Dodging
 - Level 2.4 Stealth
 - Level 2.0 Spellcasting
 * Level 4.7 Ice Magic


You had 4 spell levels left.
You knew the following spells:

 Your Spells              Type           Power      Damage    Failure   Level
a - Freeze                Ice            56%        1d7       3%          1

Your spell library contained the following spells:

 Spells                   Type           Power      Damage    Failure   Level
 Frozen Ramparts          Ice            28%        1d4       10%         3
 Ozocubu's Armour         Ice            14%        N/A       10%         3
 Hailstorm                Conj/Ice       8%         3d4       65%         4


Dungeon Overview and Level Annotations

Branches:
Dungeon (1/15)

Altars:


Innate Abilities, Weirdness & Mutations

((You are very nimble when in or above water. (Stealth+, EV+, Speed+++)))
Your lower body shifts to a powerful aquatic tail in water.


Message History

The worm bites you.
You freeze the worm.
The worm is heavily wounded.
You freeze the worm.
The worm is heavily wounded.
The worm barely misses you.
You are too depleted to draw on your mana recklessly!
You barely miss the worm.
The worm is heavily wounded.
You hit the worm.
The worm is heavily wounded.
The worm closely misses you.
You hit the worm.
The worm is heavily wounded.
The worm closely misses you.
You hit the worm but do no damage.
The worm is heavily wounded.
You hit the worm but do no damage.
The worm is heavily wounded.
The worm bites you.
You hit the worm but do no damage.
The worm is heavily wounded.
The worm closely misses you.
You barely miss the worm.
The worm is moderately wounded.
You hit the worm.
The worm is heavily wounded.
The worm closely misses you.
You hit the worm but do no damage.
The worm is heavily wounded.
The worm barely misses you.
You barely miss the worm.
The worm is heavily wounded.
You hit the worm.
The worm is severely wounded.
The worm bites you.
You hit the worm.
The worm is severely wounded.
The worm bites you!
You die...

.. #. ### # #.
..#######
###.##.##........
............... #.
...#.....
...#..##.#.#.######
..)...w@...........
.#.....#.#.....##.
###...#.#.....#
#...#.####.### #
...#.#.# #...# ....
....#.#.######'#.....
....
#.#..#............
....
#.##.#............
#....#.......#####


You could see a worm.

Vanquished Creatures
  2 dart slugs
  A bat (D:1)
  4 hobgoblins
  A kobold (D:1)
  A ball python (D:1)
  2 frilled lizards (D:1)
  3 goblins (D:1)
  2 rats (D:1)
16 creatures vanquished.

Notes
Turn   | Place    | Note
-------+----------+-------------------------------------------
     0 | D:1      | fragbeetle the Merfolk Ice Elementalist began the quest for
                  | the Orb.
     0 | D:1      | Reached XP level 1. HP: 13/13 MP: 3/3
   173 | D:1      | Reached XP level 2. HP: 6/20 MP: 3/5
   889 | D:1      | You fall into a shaft and drop 1 floor!
   899 | D:2      | Reached skill level 1 in Polearms
   901 | D:2      | Reached skill level 1 in Fighting
  1078 | D:2      | Slain by a worm

Illustrated notes

Levels and vault maps discovered:
D:1:      dpeg_arrival_arbitrary_a, layout_loops_ring, minmay_misc_feat_roman,
          minmay_misc_feat_room
D:2:      layout_basic

Skill      XL: |  1  2 |
---------------+-------+-----
Dodging        | 3 |  3.0
Polearms       | 1 |  1.1
Fighting       | 1 |  1.0
Stealth        | |  2.4
Spellcasting   | |  2.0
Ice Magic      | |  4.7

Action                   || total
-------------------------++-------
Melee: Club              ||    13
       Spear             ||    30
 Cast: Freeze            ||    12
 Stab: Sleeping          ||     4
Armor: Robe              ||     4
Dodge: Dodged            ||    22

Table legend: (Time is in decaauts)
 A = Elapsed time spent in this place.
 B = Non-inter-level travel time spent in this place.
 C = Inter-level travel time spent in this place.
 D = Time resting spent in this place.
 E = Time spent auto-exploring this place.
 F = Levels seen in this place.
 G = Mean time per level.
                   A        B        C        D        E       F      G
               +--------+--------+--------+--------+--------+-----+--------+
         Total |   1082 |   1082 |      0 |    557 |    316 |   2 |  541.0 |
       Dungeon |   1082 |   1082 |      0 |    557 |    316 |   2 |  541.0 |
               +--------+--------+--------+--------+--------+-----+--------+

Top non-repeatable levels by time:
     D:1: 892 daAuts
     D:2: 189 daAuts
